 Dungeon Crawl Stone Soup version 0.30.0-29-ga12c61a403 (console) character file.

Game seed: 3206926910862214701

17572 Banquo the Cleaver (level 12, -1/76 HPs)
             Began as a Gargoyle Fighter on June 12, 2023.
             Was a High Priest of Okawaru.
             Slain by a two-headed ogre
             ... wielding a +0 giant club
              (15 damage)
             ... on level 11 of the Dungeon on June 13, 2023.
             The game lasted 00:54:47 (12213 turns).

Banquo the Cleaver (Gargoyle Fighter)              Turns: 12213, Time: 00:54:53

Health: -1/76      AC: 36    Str: 21    XL:     12   Next: 49%
Magic:  2/16       EV:  9    Int:  9    God:    Okawaru [*****.]
Gold:   520        SH: 18    Dex: 11    Spells: 11/11 levels left

rFire   + . .        a - +1 war axe
rCold   . . .        i - +1 tower shield
rNeg    + . .        d - +3 chain mail
rPois   ∞            h - +0 helmet
rElec   +            e - +0 cloak
rCorr   .            g - +3 Mad Mage's Maulers {Infuse+∞ VampMP -Cast}
SInv    .            f - +2 pair of boots {Stlth+}
Will    .....        c - amulet of magic regeneration
Stlth   +            v - ring of protection from fire
HPRegen 0.32/turn    L - ring of flight
MPRegen 0.55/turn

%: no spellcasting, infuse magic (2 MP)
@: heroic, flying, studying Fighting
A: sickness immunity, AC +8, negative energy resistance 1, electricity
resistance, torment resistance 1, petrification resistance, clumsy 1
a: Renounce Religion, Heroism, Finesse, Duel


You were on level 11 of the Dungeon.
You worshipped Okawaru.
Okawaru was extremely pleased with you.
You visited 2 branches of the dungeon, and saw 12 of its levels.
You visited the Abyss 1 time.
You also visited: Sewer and Bailey.

You collected 625 gold pieces.
You spent 105 gold pieces at shops.

Inventory:

Hand Weapons
 a - a +1 war axe (weapon)
 b - a +3 heavy war axe
 j - a +0 trident of protection
 t - a +2 flail of holy wrath
 u - a +3 heavy executioner's axe
 B - a +1 hand axe of flaming
Missiles
 q - 27 poisoned darts
 D - 28 javelins
 E - 9 boomerangs (quivered)
Armour
 d - a +3 chain mail (worn)
 e - a +0 cloak (worn)
 f - a +2 pair of boots of stealth (worn)
 g - the +3 Mad Mage's Maulers (worn) {Infuse+∞ VampMP -Cast}
   (You acquired it in a bailey)

   Infuse+∞: It empowers its wearer's blows with all of their magic.
   VampMP:    Blows struck in melee replenish the wearer's magic.
   -Cast:     It prevents spellcasting.
 h - a +0 helmet (worn)
 i - a +1 tower shield (worn)
 n - a +0 troll leather armour
Magical Staves
 P - a staff of cold
Jewellery
 c - an amulet of magic regeneration (around neck)
 v - a ring of protection from fire (left hand)
 x - a ring of ice
 A - a ring of resist corrosion
 G - a ring of wizardry
 L - a ring of flight (right hand)
 M - a ring of positive energy
 S - a ring of see invisible
Wands
 y - a wand of mindburst (15)
 z - a wand of quicksilver (8)
 C - a wand of roots (13)
 N - a wand of flame (25)
Scrolls
 l - a scroll of enchant weapon
 m - 4 scrolls of magic mapping
 r - 3 scrolls of identify
 w - a scroll of silence
 H - a scroll of enchant armour
 O - 2 scrolls of noise
 Q - a scroll of amnesia
 R - 3 scrolls of teleportation
 V - a scroll of blinking
Potions
 k - a potion of brilliance
 o - 4 potions of heal wounds
 p - a potion of berserk rage
 s - 6 potions of flight
 F - 3 potions of mutation
 I - a potion of invisibility
 J - 4 potions of curing


   Skills:
 * Level 9.2(14.2) Fighting
 * Level 12.9(17.9) Axes
 * Level 8.8(13.8) Armour
 + Level 2.4(7.4) Dodging
 * Level 9.7(14.7) Shields
 * Level 6.4 Invocations


You had 11 spell levels left.
You didn't know any spells.
Your spell library contained the following spells:

 Spells                   Type           Power      Damage    Failure   Level
 Apportation              Tloc           0%         N/A       99%         1
 Necrotise                Necr           0%         1d4       99%         1
 Ensorcelled Hibernation  Hex/Ice        0%         N/A       100%        2
 Passwall                 Tmut/Erth      0%         N/A       100%        2
 Frozen Ramparts          Ice            0%         1d1       100%        3
 Portal Projectile        Hex/Tloc       0%         N/A       100%        3
 Swiftness                Air            0%         N/A       100%        3
 Vampiric Draining        Necr           0%         2d6       100%        3
 Ice Form                 Ice/Tmut       0%         N/A       100%        4
 Agony                    Necr           0%         N/A       100%        5
 Alistair's Intoxication  Tmut/Pois      0%         N/A       100%        5
 Blade Hands              Tmut           0%         N/A       100%        5
 Borgnjor's Revivificati  Necr           0%         N/A       100%        8
 Necromutation            Tmut/Necr      0%         N/A       100%        8
 Death's Door             Necr           0%         N/A       100%        9
 Summon Small Mammal      Summ           Unusable   N/A       N/A         1
 Call Canine Familiar     Summ           Unusable   N/A       N/A         3
 Summon Guardian Golem    Hex/Summ       Unusable   N/A       N/A         3
 Tukima's Dance           Hex            Unusable   N/A       N/A         3
 Summon Ice Beast         Ice/Summ       Unusable   N/A       N/A         4

Dungeon Overview and Level Annotations

Branches:
Dungeon (11/15)            Temple (1/1) D:7           Sewer (visited)
 Bailey (visited)
   Lair: D:8-11         Orc: D:9-12

Altars:
Ashenzari
Cheibriados
Dithmenos
Elyvilon
Fedhas
Gozag
Hepliaklqana
Kikubaaqudgha
Makhleb
Nemelex Xobeh
Okawaru
Qazlal
Ru
Sif Muna
Trog
Uskayaw
Vehumet
Wu Jian
Xom
Yredelemnul
Zin
The Shining One

Shops:
D:9 ?


Innate Abilities, Weirdness & Mutations

You are immune to sickness and miasma.
Your stone body is resilient. (AC +8)
You are immune to poison.
You resist negative energy. (rN+)
You are resistant to electric shocks. (rElec)
You are resistant to unholy torment.
You are immune to petrification.
You are clumsy. (Dex -2)


Message History

You block the two-headed ogre's attack. You block the gargoyle's attack.
You hit the two-headed ogre but do no damage.
The two-headed ogre is moderately wounded.
You hit the gargoyle.
The gargoyle hurls a stone arrow at you.
You block the stone arrow. You block the two-headed ogre's attack.
The two-headed ogre barely misses you.
You hit the two-headed ogre but do no damage.
The two-headed ogre is moderately wounded.
You barely miss the gargoyle.
The gargoyle hits you with a +0 dire flail.
You hit the two-headed ogre.
The two-headed ogre is moderately wounded.
You barely miss the gargoyle. The two-headed ogre barely misses you.
You block the two-headed ogre's attack. You block the gargoyle's attack.
You hit the two-headed ogre but do no damage.
The two-headed ogre is moderately wounded.
You hit the gargoyle but do no damage.
The gargoyle hurls a stone arrow at you.
The stone arrow misses you.
You slash the two-headed ogre!
The two-headed ogre is heavily wounded.
You hit the gargoyle but do no damage.
The two-headed ogre hits you but does no damage.
The two-headed ogre hits you with a +0 giant spiked club!
* * * LOW HITPOINT WARNING * * *
You closely miss the two-headed ogre.
The two-headed ogre is heavily wounded.
You hit the gargoyle but do no damage. You block the gargoyle's attack.
You barely miss the two-headed ogre.
The two-headed ogre is heavily wounded.
You completely miss the gargoyle.
The two-headed ogre closely misses you. x2
The gargoyle hits you but does no damage.
You slice the two-headed ogre!!
The two-headed ogre is almost dead.
You barely miss the gargoyle.
The gargoyle hits you but does no damage.
The two-headed ogre hits you but does no damage.
The two-headed ogre hits you with a +0 giant spiked club!
You die...

####################
....................
###..)@O...........
[......9............
....................
######....<.........
#..##########.#
.(...# ######.#####
....... .....O.<....
....... .)..........
###### ########.###


You could see a two-headed ogre and a gargoyle.

Vanquished Creatures
  3 tentacled starspawn (Abyss:1)
  A very ugly thing (Abyss:1)
  Erolcha (D:11)
  2 two-headed ogres
  A toenail golem (Abyss:1)
  An orange demon (Abyss:1)
  Maurice (D:9)
  A smoke demon (Abyss:1)
  A kobold demonologist (D:10)
  3 trolls (D:10)
  Grinder (D:6)
  4 raiju (Abyss:1)
  A hornet (D:10)
  Prince Ribbit (D:6)
  2 shadows (D:9)
  A ynoxinul (Abyss:1)
  2 wraiths
  2 wyverns (D:9)
  9 yaks (D:9)
  A steam dragon (D:10)
  A neqoxec (Abyss:1)
  Menkaure (D:7)
  2 vampire mosquitoes
  3 water moccasins
  8 orc warriors
  2 ice beasts
  2 ogres
  A black bear (D:8)
  11 centaurs
  A phantom (D:5)
  2 kobold brigands
  2 bullfrogs
  A gnoll sergeant (D:6)
  4 scorpions
  6 small abominations (Abyss:1)
  8 wights
  10 killer bees
  4 electric eels (D:7)
  A crimson imp (Abyss:1)
  A quasit (Abyss:1)
  3 hounds
  2 sleepcaps
  3 gnoll boudas
  3 orc priests
  An iron imp (Abyss:1)
  An iguana (D:4)
  7 orc wizards
  25 gnolls
  A river rat (Sewer)
  7 adders
  A shadow imp (D:6)
  2 white imps
  An ufetubus (D:6)
  4 worms
  44 orcs
  5 bats
  2 bat skeletons (D:4)
  4 bat zombies (D:4)
  8 endoplasms
  3 giant cockroaches
  9 goblins
  7 hobgoblins
  13 jackals
  8 quokkas
  3 ball pythons
  3 frilled lizards
  14 kobolds
  6 rats
300 creatures vanquished.

Vanquished Creatures (others)
  3 orcs (D:7)
  9 starspawn tentacles (Abyss:1)
12 creatures vanquished.

Grand Total: 312 creatures vanquished

Notes
Turn   | Place    | Note
-------+----------+-------------------------------------------
     0 | D:1      | Banquo the Gargoyle Fighter began the quest for the Orb.
     0 | D:1      | Reached XP level 1. HP: 14/14 MP: 1/1
    78 | D:1      | Found a faded altar of an unknown god.
   140 | D:1      | Reached skill level 2 in Axes
   252 | D:1      | Reached XP level 2. HP: 16/19 MP: 2/2
   488 | D:1      | Reached skill level 3 in Axes
   616 | D:1      | Reached XP level 3. HP: 23/23 MP: 3/3
  2066 | D:2      | Reached XP level 4. HP: 23/28 MP: 4/4
  2068 | D:2      | Reached skill level 4 in Axes
  2216 | D:3      | Found a sparkling altar of Nemelex Xobeh.
  2271 | D:3      | Reached XP level 5. HP: 28/32 MP: 5/5
  2311 | D:3      | Reached skill level 5 in Axes
  2326 | D:3      | Found a glowing drain.
  2336 | Sewer    | Entered a sewer
  2452 | Sewer    | Noticed a kobold brigand
  2464 | Sewer    | Killed a kobold brigand
  2465 | Sewer    | Reached XP level 6. HP: 35/37 MP: 6/6
  2486 | Sewer    | Found a white marble altar of Elyvilon.
  3025 | D:4      | Reached skill level 6 in Axes
  3146 | D:4      | Found an opulent altar of Gozag.
  3546 | D:4      | Found an ancient bone altar of Kikubaaqudgha.
  3647 | D:5      | Entered Level 5 of the Dungeon
  3799 | D:5      | Reached XP level 7. HP: 41/41 MP: 7/7
  4121 | D:5      | Reached skill level 7 in Axes
  4179 | D:5      | Reached skill level 1 in Dodging
  4479 | D:6      | Noticed Prince Ribbit
  4497 | D:6      | Killed Prince Ribbit
  4498 | D:6      | Reached XP level 8. HP: 35/48 MP: 8/8
  4703 | D:5      | Reached skill level 8 in Axes
  5299 | D:6      | Noticed Grinder
  5301 | D:6      | Paralysed by Grinder for 2 turns
  5305 | D:6      | Paralysed by Grinder for 5 turns
  5315 | D:6      | Killed Grinder
  5674 | D:6      | Reached XP level 9. HP: 50/53 MP: 9/9
  5725 | D:6      | Reached skill level 5 in Fighting
  5725 | D:6      | Reached skill level 5 in Armour
  5889 | D:6      | Reached skill level 9 in Axes
  6666 | D:7      | Noticed Menkaure
  6681 | D:7      | Killed Menkaure
  6760 | D:7      | Found a staircase to the Ecumenical Temple.
  6769 | Temple   | Entered the Ecumenical Temple
  6947 | Temple   | Became a worshipper of Warmaster Okawaru
  7040 | D:7      | Reached skill level 5 in Shields
  8013 | D:8      | Noticed a two-headed ogre
  8075 | D:8      | Reached skill level 1 in Invocations
  8084 | D:8      | Reached * piety under Okawaru
  8091 | D:8      | Reached skill level 10 in Axes
  8153 | D:8      | Reached XP level 10. HP: 60/60 MP: 11/11
  8270 | D:8      | Killed a two-headed ogre
  8270 | D:8      | Reached ** piety under Okawaru
  8573 | D:9      | Found Loptydgh's Magic Scroll Shoppe.
  8911 | D:9      | Reached skill level 11 in Axes
  9030 | D:9      | Reached *** piety under Okawaru
  9551 | D:9      | Bought a scroll of blinking for 105 gold pieces
  9560 | D:9      | Found a shadowy altar of Dithmenos.
  9576 | D:9      | Noticed Maurice
  9599 | D:9      | Killed Maurice
  9600 | D:9      | Reached XP level 11. HP: 66/66 MP: 14/14
  9808 | D:10     | Entered Level 10 of the Dungeon
  9845 | D:10     | Received a gift from Okawaru
  9847 | D:10     | Found a radiant altar of Vehumet.
  9898 | D:10     | Found a stormy altar of Qazlal.
 10095 | D:10     | Noticed a two-headed ogre
 10104 | D:10     | Killed a two-headed ogre
 10111 | D:10     | Found a flagged portal.
 10151 | Bailey   | Entered a bailey
 10634 | Bailey   | Reached **** piety under Okawaru
 10683 | Bailey   | Reached skill level 5 in Invocations
 10901 | Bailey   | Acquired the +3 Mad Mage's Maulers {Infuse+∞ VampMP -Cast}
 10901 | Bailey   | Found the +3 Mad Mage's Maulers {Infuse+∞ VampMP -Cast}
 11386 | D:11     | Received a gift from Okawaru
 11393 | D:10     | Reached skill level 12 in Axes
 11437 | D:11     | Noticed Erolcha
 11454 | Abyss:1  | Cast into level 1 of the Abyss (Erolcha)
 11590 | Abyss:1  | Noticed a white very ugly thing
 11600 | Abyss:1  | Noticed a tentacled starspawn
 11601 | Abyss:1  | Killed a white very ugly thing
 11619 | Abyss:1  | Killed a tentacled starspawn
 11701 | Abyss:1  | Found a corrupted altar of Lugonu.
 11780 | Abyss:1  | Reached XP level 12. HP: 58/73 MP: 2/16
 11998 | Abyss:1  | Noticed a tentacled starspawn
 12012 | Abyss:1  | Killed a tentacled starspawn
 12012 | Abyss:1  | Reached ***** piety under Okawaru
 12146 | Abyss:1  | Noticed a tentacled starspawn
 12152 | Abyss:1  | Killed a tentacled starspawn
 12160 | Abyss:1  | Gained mutation: You are clumsy. (Dex -2) [a neqoxec]
 12195 | D:11     | Escaped the Abyss
 12195 | D:11     | Noticed a two-headed ogre
 12201 | D:11     | Killed Erolcha
 12213 | D:11     | Slain by a two-headed ogre

Illustrated notes

Levels and vault maps discovered:
D:1:      dpeg_arrival_shelter, layout_basic, nicolae_ecumenical_lake_church,
          minmay_misc_feat_rugged
D:2:      layout_loops_corners, hangedman_decor_growths,
          chequers_serial_rivers_small_b
D:3:      layout_basic, nemelex_xobeh_ov_fountains_minmay,
          cheibrodos_sewer_entry_sluice, hangedman_decor_points,
          nicolae_grassy_gnolls
D:4:      layout_cave_pools, kennysheep_vampire_church, lemuel_doored_altar,
          kennysheep_generic_room_9
D:5:      layout_basic
D:6:      layout_basic, uniq_grinder, uniq_prince_ribbit1
D:7:      layout_loops_corners, minmay_temple_entry_gardened_gates,
          minmay_misc_feat_alley, serial_bayou_lake_a, uniq_menkaure
D:8:      layout_cave_pools
D:9:      layout_roguey, grunt_dithmenos_shadows, serial_shops, shop,
          uniq_maurice
D:10:     layout_roguey, grunt_qazlal_clouds, vehumet_crystals, enter_bailey_5
D:11:     layout_long_grid, dpeg_oklobed_lair, enter_trove_3, uniq_erolcha
Temple:   nicolae_temple_slightly_damp_pantheon

Skill      XL: |  1  2  3  4  5  6  7  8  9 10 11 12 |
---------------+-------------------------------------+-----
Axes           | 2 3 4 5 6 7 8 10 11 12 | 12.9
Dodging        | 1 2 |  2.4
Fighting       | 4 5 6 7 9 |  9.2
Armour         | 4 6 7 8 |  8.8
Shields        | 4 5 7 9 |  9.7
Invocations    | 2 4 5 6 |  6.4

Action                     |  1- 3 |  4- 6 |  7- 9 | 10-12 || total
---------------------------+-------+-------+-------+-------++-------
  Melee: War axe           |   146 |   200 |   354 |   547 ||  1247
  Throw: Boomerang         |       |       |     6 |     8 ||    14
 Invoke: Heroism           |       |       |     1 |    19 ||    20
    Use: Potion            |       |     2 |     2 |       ||     4
         Scroll            |       |     6 |     7 |     4 ||    17
 Armour: Scale mail        |   102 |    98 |    22 |       ||   222
         Skin              |       |    20 |     5 |       ||    25
         Chain mail        |       |       |   162 |   312 ||   474
  Dodge: Dodged            |    58 |    97 |    91 |   140 ||   386
  Block: Buckler           |    32 |    38 |    19 |       ||    89
         Tower shield      |       |       |   162 |   515 ||   677
